Map: NeoHumanity LE

Players

winzboy - Winner!

  • Race: Protoss Protoss
  • Spawn Location: 5:00

VOD

Have the link to the VOD?

Description

Time

  • Played on: May 20, 2023, 1:27 a.m.
  • Length: 15:34
Show
View Real Time Build Order
Export as new Build Order

winzboy Protoss - Winner!

Build Orders:  

Get SALT Encoding   

  12  0:05  Probe (Chrono Boost)  
  13  0:25  Probe (Chrono Boost)  
  14  0:33  Pylon  
  14  0:36  Probe (Chrono Boost)  
  15  0:42  Assimilator  
  16  1:01  Probe (Chrono Boost)  
  16  1:08  Gateway  
  16  1:18  Probe (Chrono Boost)  
  17  1:35  Probe (Chrono Boost)  
  18  1:52  Probe (Chrono Boost)  
  19  2:03  Nexus  
  20  2:10  Probe (Chrono Boost)  
  20  2:26  Cybernetics Core  
  21  2:30  Probe (Chrono Boost)  
  21  2:47  Probe (Chrono Boost)  
  22  2:51  Pylon  
  22  3:04  Probe (Chrono Boost)  
  24  3:21  Probe (Chrono Boost)  
  24  3:29  Robotics Facility  
  24  3:31  Shield Battery  
  26  3:58  Probe  
  27  4:15  Probe  
  27  4:19  Unknown  
  30  4:23  Stalker (Chrono Boost)  
  30  4:32  Probe  
  31  4:49  Probe  
  32  4:59  Sentry (Chrono Boost)  
  34  5:06  Probe  
  35  5:20  Immortal  
  35  5:23  Probe  
  40  5:40  Probe  
  41  5:50  Pylon  
  41  5:53  Forge  
  41  5:57  Probe  
  42  6:05  Assimilator  
  42  6:15  Observer  
  42  6:17  Assimilator  
  43  6:23  Probe  
  44  6:36  Twilight Council  
  44  6:40  Probe  
  44  6:47  Pylon  
  45  6:54  Assimilator  
  45  6:55  Probe (Chrono Boost)  
  46  7:06  Probe (Chrono Boost)  
  46  7:17  Probe  
  48  7:33  Probe  
  49  7:48  Protoss Ground Weapons Level 1  
  49  7:50  Probe  
  49  7:52  Gateway  
  49  7:53  Gateway  
  49  7:54  Gateway  
  49  7:56  Gateway  
  49  7:59  Gateway  
  50  8:06  Gateway  
  50  8:07  Probe  
  50  8:08  Warp Gate (Chrono Boost)  
  51  8:10  Gateway  
  51  8:15  Immortal, Pylon  
  51  8:19  Pylon  
  55  8:24  Probe  
  56  8:41  Probe  
  57  8:58  Probe  
  58  9:00  Charge  
  58  9:09  Warp Prism  
  58  9:15  Probe  
  61  9:24  Zealot x2  
  61  9:25  Zealot x2  
  61  9:26  Zealot x2  
  61  9:27  Zealot  
  75  10:19  Pylon  
  75  10:20  Pylon, Zealot  
  75  10:23  Pylon  
  77  10:36  Robotics Facility  
  77  10:43  Templar Archives  
  77  10:44  Immortal  
  77  10:47  Pylon  
  81  10:54  Pylon  
  81  10:55  Zealot  
  81  10:56  Zealot x2  
  81  10:57  Zealot x2  
  81  10:58  Zealot  
  81  10:59  Zealot  
  95  11:00  Pylon  
  95  11:04  Stalker  
  97  11:26  Protoss Ground Armor Level 1  
  98  11:33  Probe  
  98  11:36  High Templar  
  98  11:37  High Templar x2  
  98  11:38  High Templar  
  98  11:39  High Templar x2, Immortal  
  114  11:45  Archon x2  
  114  11:48  Archon  
  114  12:17  Unknown  
  114  12:42  High Templar x2  
  114  12:43  High Templar  
  114  12:48  Zealot x2  
  114  12:49  Zealot  
  126  13:04  Immortal  
  126  13:13  Pylon  
  126  13:16  Pylon  
  126  13:19  Pylon  
  126  13:22  Pylon  
  126  13:29  Pylon  
  126  13:38  Archon  
  126  13:47  Stalker x2  
  126  13:48  Stalker x2  
  126  13:49  Stalker x2  
  138  13:50  Stalker  
  138  13:51  Stalker  
  138  13:53  Nexus  
  138  13:57  Pylon  
  138  13:59  Pylon  
  142  14:02  Pylon  
  142  14:06  Assimilator  
  142  14:10  Assimilator  
  142  14:31  Immortal  
  142  14:32  Immortal  
Tags
 
Matchup
Co-op
Replay Pack
Multiplayer
Add a new tag
Caveats
  • Supply blocks, unpowered buildings, or Contaminate may cause inaccurate times.
  • Supply counts are checked every 10 seconds.